AoeStats
← KaLong

Pilgrims

508150122Analyzed
4v4 RM · 12d ago on Sep 21, 2026· 20m 41s· 8 players
Game mode
Random Map
Map size
Large (8 player)
Population
200
Speed
Normal
Resources
Standard
Victory
Conquest
Starting age
Dark Age
Ending age
Imperial Age
RankedLock teamsTeams togetherTeam positionsShared explorationLock speedFull tech treeHidden civsTurbo modeCheats
Victory
Defeat
🇺🇸 Wu · United States
1951
+4
🇺🇸 Persians · United States
1778
+8
🇺🇸 Magyars · United States
1527
+16
🇺🇸 Franks · United States
1472
+19
🇨🇱 Turks · Chile
1622
-14
🇯🇵 Malay · Japan
1615
-14
🇺🇸 Burgundians · United States
1539
-10
🇺🇸 Bulgarians · United States
1521
-9
Dots
9:25 Loom
11:45 Feudal Age
15:48 Castle Age
14:09 Double-Bit Axe
16:09 Forging
16:46 Medium Warships
17:27 Iron Casting
17:15 Bow Saw
18:31 Wheelbarrow
19:04 Horse Collar
QNA | Apachai Hopachai
6:01 Loom
12:56 Feudal Age
16:56 Castle Age
15:42 Fishing Lines
19:09 Medium Warships
うーぺー
4:22 Loom
12:05 Feudal Age
11:54 Double-Bit Axe
12:12 Town Watch
17:38 Castle Age
17:42 Medium Warships
18:03 Fletching
UBERstrats
6:03 Loom
10:25 Wheelbarrow
12:19 Feudal Age
11:48 Double-Bit Axe
13:42 Bow Saw
16:13 Castle Age
14:50 Horse Collar
15:22 Fletching
Bubbagump
7:01 Loom
10:20 Feudal Age
11:18 Fishing Lines
13:59 Castle Age
12:08 Double-Bit Axe
13:22 Scale Mail Armor
13:24 Arson
14:52 Gillnets
15:13 Bow Saw
15:08 Squires
15:24 Chain Mail Armor
17:51 Forging
19:36 Wheelbarrow
19:52 Town Watch
21:26 Hand Cart
20:57 Horse Collar
嗚
12:32 Feudal Age
13:02 Double-Bit Axe
13:05 Fishing Lines
15:44 Gold Mining
18:32 Castle Age
16:38 Gold Mining
19:22 Medium Warships
19:30 Bow Saw
20:59 Loom
BomBomB0
8:31 Loom
11:40 Feudal Age
13:32 Double-Bit Axe
16:26 Castle Age
14:36 Fishing Lines
17:43 Bow Saw
17:24 Gillnets
18:31 Town Watch
19:22 Wheelbarrow
19:57 Medium Warships
19:40 Fletching
20:50 Bodkin Arrow
KaLong
3:06 Loom
10:16 Feudal Age
11:00 Double-Bit Axe
22:27 Castle Age
Connection lost

Rejoining the realm…

Still unreachable

The connection could not be restored.

Session expired

The server has moved on; the page needs a fresh start.